APL (24 & UNDER)
STATE COLLEGE SPIKES @ DETROIT DIRTY SNOW
09/24/2026
 
TOP OF THE 1ST
State College Spikes batting - Pitching for Detroit Dirty Snow : RHP Hayden Collins
Pitching: RHP Hayden Collins
Batting: RHB Alonzo Herrera 0-0: Ball
1-0: Ball
2-0: Called Strike
2-1: Ball
3-1: Foul Ball, location: 2F
3-2: Foul Ball, location: 2F
3-2: Base on Balls
Batting: SHB Thomas Simmons 0-0: Ball
1-0: Called Strike
1-1: Called Strike
Alonzo Herrera steals 2nd base
1-2: Ball
2-2: Ball
3-2: SINGLE (Line Drive, 8LS)
Alonzo Herrera to third
Runner from 3rd tries for Home, throw and OUT!
Thomas Simmons to second
Batting: SHB Clint Woods 0-0: Called Strike
0-1: Ground out 6-3 (Groundball, 6M)
Thomas Simmons to third
Batting: RHB Mike Ingram 0-0: Ball
1-0: Ball
2-0: Called Strike
2-1: Called Strike
2-2: Strikes out swinging
Top of the 1st over - 0 run(s), 1 hit(s), 0 error(s), 1 left on base; State College 0 - Detroit 0
BOTTOM OF THE 1ST
Detroit Dirty Snow batting - Pitching for State College Spikes : RHP Ron Crawford
Pitching: RHP Ron Crawford
Batting: SHB Tim Reid 0-0: Ball
1-0: Ball
2-0: Ball
3-0: Foul Ball, location: 2F
3-1: Base on Balls
Batting: RHB Cristo Souza 0-0: Ball
1-0: Foul Ball, location: 2F
1-1: Swinging Strike
1-2: Ball
2-2: Strikes out swinging
Batting: LHB Eric Powell 0-0: Ball
1-0: Ball
2-0: Called Strike
2-1: Fly out, F6 (Popup, 6D)
Batting: RHB Héctor Berrios 0-0: Ball
1-0: Foul Ball, location: 2F
1-1: Swinging Strike
1-2: Strikes out swinging
Bottom of the 1st over - 0 run(s), 0 hit(s), 0 error(s), 1 left on base; State College 0 - Detroit 0
TOP OF THE 2ND
State College Spikes batting - Pitching for Detroit Dirty Snow : RHP Hayden Collins
Batting: RHB Eric Knight 0-0: Swinging Strike
0-1: Ball
1-1: Foul Ball, location: 2F
1-2: Ball
2-2: Foul Ball, location: 2F
2-2: Foul Ball, location: 2F
2-2: Ball
3-2: Foul Ball, location: 2F
3-2: Base on Balls
Batting: LHB Rod Blevins 0-0: Called Strike
0-1: Fly out, F6 (Line Drive, 6)
Batting: RHB Javier Peña 0-0: Called Strike
0-1: Called Strike
0-2: Hit by Pitch
Eric Knight to second
Batting: RHB Nick Mackin 0-0: Fly out, F8 (Line Drive, 8RD)
Batting: RHB Joaquín Vásquez 0-0: Fly out, F9 (Flyball, 89M)
Top of the 2nd over - 0 run(s), 0 hit(s), 0 error(s), 2 left on base; State College 0 - Detroit 0
BOTTOM OF THE 2ND
Detroit Dirty Snow batting - Pitching for State College Spikes : RHP Ron Crawford
Batting: RHB Arturo Jiménez 0-0: Called Strike
0-1: Swinging Strike
0-2: Ball
1-2: Strikes out swinging
Batting: RHB Charlie O'Farrell 0-0: Foul Ball, location: 2F
0-1: Called Strike
0-2: Strikes out looking
Batting: RHB Norm Skinner 0-0: Ground out 5-3 (Groundball, 5L)
Bottom of the 2nd over - 0 run(s), 0 hit(s), 0 error(s), 0 left on base; State College 0 - Detroit 0
TOP OF THE 3RD
State College Spikes batting - Pitching for Detroit Dirty Snow : RHP Hayden Collins
Batting: RHB Alonzo Herrera 0-0: Called Strike
0-1: Fly out, F7 (Flyball, 78M)
Batting: SHB Thomas Simmons 0-0: Fly out, F7 (Line Drive, 7D)
Batting: SHB Clint Woods 0-0: Ground out 6-3 (Groundball, 6M)
Top of the 3rd over - 0 run(s), 0 hit(s), 0 error(s), 0 left on base; State College 0 - Detroit 0
BOTTOM OF THE 3RD
Detroit Dirty Snow batting - Pitching for State College Spikes : RHP Ron Crawford
Batting: RHB Phil Wright 0-0: Ball
1-0: Called Strike
1-1: Swinging Strike
1-2: Ball
2-2: Foul Ball, location: 2F
2-2: Ball
3-2: Foul Ball, location: 2F
3-2: Base on Balls
Batting: SHB Cristián López 0-0: Ball
1-0: Foul Ball, location: 2F
1-1: Ball
2-1: Ball
3-1: SINGLE (Groundball, 4MD)
Phil Wright to second
Batting: SHB Tim Reid 0-0: Ball
1-0: Ball
2-0: Ball
3-0: Called Strike
3-1: Foul Ball, location: 2F
3-2: Base on Balls
Phil Wright to third
Cristián López to second
Batting: RHB Cristo Souza 0-0: Foul Ball, location: 2F
0-1: Called Strike
0-2: Strikes out swinging
Batting: LHB Eric Powell 0-0: Called Strike
0-1: Ball
1-1: Swinging Strike
1-2: Strikes out swinging
Batting: RHB Héctor Berrios 0-0: Ball
1-0: SINGLE (Groundball, 6) (infield hit)
Phil Wright scores
Cristián López to third
Tim Reid to second
Batting: RHB Arturo Jiménez 0-0: Called Strike
0-1: Foul Ball, location: 2F
0-2: Ball
1-2: Ball
2-2: Strikes out swinging
Bottom of the 3rd over - 1 run(s), 2 hit(s), 0 error(s), 3 left on base; State College 0 - Detroit 1
TOP OF THE 4TH
State College Spikes batting - Pitching for Detroit Dirty Snow : RHP Hayden Collins
Batting: RHB Mike Ingram 0-0: Called Strike
0-1: Ball
1-1: Ball
2-1: Foul Ball, location: 2F
2-2: Strikes out swinging
Batting: RHB Eric Knight 0-0: Foul Ball, location: 2F
0-1: Swinging Strike
0-2: Foul Ball, location: 2F
0-2: Strikes out swinging
Batting: LHB Rod Blevins 0-0: Ball
1-0: Called Strike
1-1: Ball
2-1: Ball
3-1: Base on Balls
Batting: RHB Javier Peña 0-0: Ball
1-0: Ball
2-0: Foul Ball, location: 2F
2-1: Ball
3-1: Called Strike
3-2: Base on Balls
Rod Blevins to second
Batting: RHB Nick Mackin 0-0: Ball
1-0: Ball
2-0: Fielders Choice at 2nd, U6 (Groundball, 6M)
Top of the 4th over - 0 run(s), 0 hit(s), 0 error(s), 2 left on base; State College 0 - Detroit 1
BOTTOM OF THE 4TH
Detroit Dirty Snow batting - Pitching for State College Spikes : RHP Ron Crawford
Batting: RHB Charlie O'Farrell 0-0: Called Strike
0-1: Ball
1-1: Called Strike
1-2: Ball
2-2: Strikes out swinging
Batting: RHB Norm Skinner 0-0: Foul Ball, location: 2F
0-1: SINGLE (Groundball, 5D)
Batting: RHB Phil Wright 0-0: Ball
1-0: SINGLE (Line Drive, 9S)
Norm Skinner to second
Batting: SHB Cristián López 0-0: Ball
1-0: Foul Ball, location: 2F
1-1: Ball
2-1: Called Strike
2-2: Ball
3-2: Base on Balls
Norm Skinner to third
Phil Wright to second
Batting: SHB Tim Reid 0-0: Foul Ball, location: 2F
0-1: Ball
1-1: Foul Ball, location: 2F
1-2: Strikes out swinging
Batting: RHB Cristo Souza 0-0: Foul Ball, location: 2F
0-1: Foul Ball, location: 2F
0-2: Ball
1-2: Ball
2-2: Fly out, F7 (Flyball, 78M)
Bottom of the 4th over - 0 run(s), 2 hit(s), 0 error(s), 3 left on base; State College 0 - Detroit 1
TOP OF THE 5TH
State College Spikes batting - Pitching for Detroit Dirty Snow : RHP Hayden Collins
Batting: RHB Joaquín Vásquez 0-0: Ball
1-0: Called Strike
1-1: Called Strike
1-2: Ball
2-2: Ball
3-2: Base on Balls
Batting: RHB Alonzo Herrera 0-0: Ball
1-0: Ground out 5-3 (Groundball, 56S)
Joaquín Vásquez to second
Batting: SHB Thomas Simmons 0-0: Ground out 1-3 (Groundball, 13)
Joaquín Vásquez to third
Batting: SHB Clint Woods 0-0: Called Strike
0-1: Foul Ball, location: 2F
0-2: Foul Ball, location: 2F
0-2: Ball
1-2: Ball
2-2: Fly out, F9 (Flyball, 89S)
Top of the 5th over - 0 run(s), 0 hit(s), 0 error(s), 1 left on base; State College 0 - Detroit 1
BOTTOM OF THE 5TH
Detroit Dirty Snow batting - Pitching for State College Spikes : RHP Ron Crawford
Batting: LHB Eric Powell 0-0: Called Strike
0-1: Ball
1-1: Ball
2-1: Ball
3-1: Base on Balls
Pitching: RHP Tomás Hurtado
Batting: RHB Héctor Berrios 0-0: Ball
1-0: Foul Ball, location: 2F
1-1: Swinging Strike
1-2: Fly out, F4 (Line Drive, 4)
Batting: RHB Arturo Jiménez 0-0: Fly out, F6 (Popup, 6M)
Batting: RHB Charlie O'Farrell 0-0: Ball
1-0: Ball
2-0: Called Strike
2-1: Swinging Strike
2-2: Ball
3-2: Foul Ball, location: 2F
3-2: Foul Ball, location: 2F
3-2: Foul Ball, location: 2F
3-2: Strikes out swinging
Bottom of the 5th over - 0 run(s), 0 hit(s), 0 error(s), 1 left on base; State College 0 - Detroit 1
TOP OF THE 6TH
State College Spikes batting - Pitching for Detroit Dirty Snow : RHP Hayden Collins
Batting: RHB Mike Ingram 0-0: Called Strike
0-1: DOUBLE (Groundball, 5L)
Batting: RHB Eric Knight 0-0: Ball
1-0: Ball
2-0: Foul Ball, location: 2F
2-1: Called Strike
2-2: Foul Ball, location: 2F
2-2: Ball
3-2: Strikes out looking
Pitching: RHP Benjamin Hutchison
Batting: LHB Rod Blevins 0-0: Called Strike
0-1: Ball
1-1: Ball
2-1: Ball
Wild Pitch!
Mike Ingram to third
3-1: Base on Balls
Batting: RHB Javier Peña 0-0: Ball
1-0: Ball
2-0: Called Strike
2-1: Swinging Strike
2-2: Strikes out swinging
Batting: RHB Nick Mackin 0-0: Called Strike
0-1: Ball
1-1: Fly out, F7 (Flyball, 7M)
Top of the 6th over - 0 run(s), 1 hit(s), 0 error(s), 2 left on base; State College 0 - Detroit 1
BOTTOM OF THE 6TH
Detroit Dirty Snow batting - Pitching for State College Spikes : RHP Tomás Hurtado
Batting: RHB Norm Skinner 0-0: Ball
1-0: Ball
2-0: Swinging Strike
2-1: Foul Ball, location: 2F
2-2: Foul Ball, location: 2F
2-2: Fly out, F8 (Flyball, 78S)
Batting: RHB Phil Wright 0-0: Swinging Strike
0-1: Ball
1-1: Called Strike
1-2: Strikes out swinging
Batting: SHB Cristián López 0-0: Called Strike
0-1: Swinging Strike
0-2: Ball
1-2: Foul Ball, location: 2F
1-2: Strikes out swinging
Bottom of the 6th over - 0 run(s), 0 hit(s), 0 error(s), 0 left on base; State College 0 - Detroit 1
TOP OF THE 7TH
State College Spikes batting - Pitching for Detroit Dirty Snow : RHP Benjamin Hutchison
Batting: RHB Joaquín Vásquez 0-0: Ball
1-0: Called Strike
1-1: Swinging Strike
1-2: Foul Ball, location: 2F
1-2: Strikes out swinging
Batting: RHB Alonzo Herrera 0-0: Ball
1-0: Called Strike
1-1: Foul Ball, location: 2F
1-2: Foul Ball, location: 2F
1-2: Foul Ball, location: 2F
1-2: Fly out, F7 (Flyball, 78S)
Batting: SHB Thomas Simmons 0-0: Ball
1-0: Ball
2-0: Called Strike
2-1: Fly out, F7 (Flyball, 7M)
Top of the 7th over - 0 run(s), 0 hit(s), 0 error(s), 0 left on base; State College 0 - Detroit 1
BOTTOM OF THE 7TH
Detroit Dirty Snow batting - Pitching for State College Spikes : RHP Tomás Hurtado
Pitching: RHP Chris Mitchell
Batting: SHB Tim Reid 0-0: Fly out, F6 (Line Drive, 6)
Batting: RHB Cristo Souza 0-0: Ball
1-0: Ball
2-0: Ball
3-0: Called Strike
3-1: Called Strike
3-2: Strikes out swinging
Batting: LHB Eric Powell 0-0: Swinging Strike
0-1: Called Strike
0-2: Ball
1-2: Strikes out swinging
Bottom of the 7th over - 0 run(s), 0 hit(s), 0 error(s), 0 left on base; State College 0 - Detroit 1
TOP OF THE 8TH
State College Spikes batting - Pitching for Detroit Dirty Snow : RHP Benjamin Hutchison
Pitching: RHP Vaughn Stanley
Batting: SHB Clint Woods 0-0: Ball
1-0: Fly out, F8 (Flyball, 8LM)
Batting: RHB Mike Ingram 0-0: Ball
1-0: Fly out, F9 (Flyball, 9M)
Batting: RHB Eric Knight 0-0: Called Strike
0-1: Foul Ball, location: 2F
0-2: Ground out 4-3 (Groundball, 4)
Top of the 8th over - 0 run(s), 0 hit(s), 0 error(s), 0 left on base; State College 0 - Detroit 1
BOTTOM OF THE 8TH
Detroit Dirty Snow batting - Pitching for State College Spikes : RHP Chris Mitchell
Batting: RHB Héctor Berrios 0-0: Ball
1-0: Swinging Strike
1-1: Ball
2-1: Foul Ball, location: 2F
2-2: Foul Ball, location: 2F
2-2: Foul Ball, location: 2F
2-2: Ball
3-2: Strikes out swinging
Batting: RHB Arturo Jiménez 0-0: Ball
1-0: Ball
2-0: Ball
3-0: Base on Balls
Batting: RHB Charlie O'Farrell 0-0: Ball
1-0: Ball
2-0: Called Strike
2-1: Swinging Strike
2-2: Strikes out swinging
Batting: RHB Norm Skinner 0-0: Called Strike
Arturo Jiménez steals 2nd base
0-1: Fly out, F8 (Flyball, 8RXD)
Bottom of the 8th over - 0 run(s), 0 hit(s), 0 error(s), 1 left on base; State College 0 - Detroit 1
TOP OF THE 9TH
State College Spikes batting - Pitching for Detroit Dirty Snow : RHP Vaughn Stanley
Pitching: RHP Vaughan Horne
Batting: LHB Rod Blevins 0-0: Called Strike
0-1: Ball
1-1: SINGLE (Groundball, 56D)
Pinch Runner at 1st Matt Tucker:
Batting: RHB Javier Peña 0-0: Ball
1-0: Sac Bunt - play at first, batter OUT! 5-3
Matt Tucker to second
Pinch Hitting: RHB Blair Whitehead 0-0: Ball
1-0: Ball
2-0: Foul Ball, location: 2F
2-1: Foul Ball, location: 2F
2-2: Strikes out swinging
Pinch Hitting: RHB Piotr Zahn 0-0: Ball
Wild Pitch!
Matt Tucker to third
1-0: Ball
2-0: Ball
3-0: Base on Balls
Batting: RHB Alonzo Herrera 0-0: Foul Ball, location: 2F
0-1: Called Strike
0-2: Ball
1-2: Strikes out swinging
Top of the 9th over - 0 run(s), 1 hit(s), 0 error(s), 2 left on base; State College 0 - Detroit 1
Monday, December 5th, 2016 - OOTP Baseball 17.12 Build 75